[ AOE2 MATCH · #504598415 ]
UnrankedByzantines vs Malians
Player's team · WIN
Rival team · LOSS
[ REPLAY ANALYSIS · EXTRACTED FROM THE RECORDED GAME ]
Feudal
9:25
Castle
21:36
Imperial
35:38
| APM avg | 56.5 |
| APM peak | 128 |
| eAPM avg | 22.8 |
| Villagers / military | 117 / 104 |
Focus
⚔️ 30.4% · 🌾 69.6%
Archer ×57 · Cataphract ×21 · Knight ×18 · Trebuchet (Packed) ×5 · Monk ×3
Feudal
9:48
Castle
26:30
Imperial
41:25
| APM avg | 47.1 |
| APM peak | 109 |
| eAPM avg | 27.7 |
| Villagers / military | 122 / 128 |
Focus
⚔️ 31.8% · 🌾 68.2%
Spearman ×71 · Militia ×47 · Monk ×4 · Trebuchet (Packed) ×4 · Gbeto ×1 · Mangonel ×1
Match map
Initial resources + every placement click. Lines = walls · curves = elevation contours. ◆ gold · ⬟ stone · ● berries · ✦ relic · ◌ wall gap
Your base· ✓ Closed at 21:36 · 34t walls · no gate
ju_9611spt's base· ✓ Closed at 26:30 · 69t walls · 1 gate(s)
Smoothed initial terrain · ◌ = detected wall gap · hover for details
Inputs per minute
— solidair - - ju_9611spt
Build order — solidair
First 150 of 373 actions detected
| 0:01 | Queue | Villager (Male) ×4 |
| 0:02 | Build | House |
| 0:03 | Build | House |
| 1:25 | Queue | Villager (Male) |
| 1:45 | Queue | Villager (Male) |
| 2:12 | Queue | Villager (Male) |
| 2:37 | Queue | Villager (Male) |
| 2:55 | Build | Lumber Camp |
| 3:15 | Queue | Villager (Male) |
| 3:39 | Queue | Villager (Male) |
| 3:49 | Build | House |
| 4:05 | Queue | Villager (Male) |
| 4:26 | Queue | Villager (Male) |
| 4:59 | Queue | Villager (Male) |
| 5:03 | Queue | Villager (Male) |
| 5:34 | Build | Mill |
| 5:38 | Queue | Villager (Male) |
| 6:22 | Queue | Villager (Male) |
| 6:24 | Research | Loom |
| 7:15 | Research | Feudal Age |
| 7:31 | Build | Lumber Camp |
| 8:01 | Build | Barracks |
| 8:20 | Queue | Villager (Male) |
| 8:39 | Build | Mining Camp |
| 8:49 | Build | Palisade Wall |
| 9:00 | Build | Palisade Wall |
| 9:03 | Build | Palisade Wall |
| 9:11 | Build | House |
| 9:25 | Age | Feudal Age |
| 9:32 | Build | Palisade Wall |
| 9:33 | Build | Palisade Wall |
| 9:35 | Build | Palisade Wall |
| 9:43 | Research | Double-Bit Axe |
| 9:50 | Build | Archery Range |
| 9:53 | Build | Palisade Wall |
| 9:57 | Queue | Villager (Male) |
| 10:41 | Queue | Villager (Male) |
| 10:46 | Queue | Archer |
| 10:46 | Queue | Archer |
| 10:50 | Build | House |
| 11:02 | Queue | Villager (Male) |
| 11:28 | Build | House |
| 11:35 | Queue | Villager (Male) |
| 11:43 | Build | Blacksmith |
| 11:45 | Queue | Archer |
| 11:54 | Build | Mill |
| 12:12 | Queue | Villager (Male) |
| 12:18 | Queue | Archer |
| 12:24 | Queue | Villager (Male) |
| 12:34 | Build | House |
| 12:34 | Build | House |
| 12:38 | Queue | Villager (Male) |
| 12:39 | Build | Farm |
| 13:19 | Build | House |
| 13:32 | Queue | Villager (Male) |
| 13:44 | Build | Farm |
| 14:00 | Queue | Villager (Male) |
| 14:08 | Queue | Villager (Male) |
| 14:10 | Build | Farm |
| 14:12 | Build | Farm |
| 14:13 | Build | Farm |
| 14:23 | Queue | Villager (Male) |
| 14:43 | Build | Farm |
| 14:47 | Queue | Villager (Male) |
| 14:53 | Queue | Archer |
| 14:54 | Queue | Archer |
| 14:57 | Queue | Villager (Male) |
| 15:07 | Build | House |
| 15:08 | Build | Palisade Wall |
| 15:13 | Queue | Archer |
| 15:24 | Research | Fletching |
| 15:27 | Queue | Villager (Male) |
| 15:40 | Queue | Archer |
| 15:53 | Queue | Archer |
| 16:01 | Build | Farm |
| 16:06 | Build | House |
| 16:11 | Build | Palisade Wall |
| 16:12 | Build | Palisade Wall |
| 16:24 | Build | House |
| 16:26 | Build | House |
| 16:28 | Build | House |
| 16:34 | Queue | Archer |
| 16:36 | Queue | Villager (Male) |
| 16:36 | Queue | Villager (Male) |
| 16:42 | Build | Farm |
| 16:42 | Build | Farm |
| 16:42 | Build | Farm |
| 16:42 | Build | Farm |
| 16:42 | Build | Farm |
| 17:11 | Build | Mining Camp |
| 17:27 | Build | Farm |
| 17:30 | Queue | Archer |
| 17:38 | Queue | Villager (Male) |
| 17:38 | Queue | Villager (Male) |
| 17:41 | Build | House |
| 18:01 | Build | Farm |
| 18:17 | Build | Farm |
| 18:19 | Queue | Villager (Male) |
| 18:56 | Research | Castle Age |
| 19:08 | Build | Archery Range |
| 19:20 | Queue | Archer |
| 19:20 | Queue | Archer |
| 19:54 | Research | Wheelbarrow |
| 20:14 | Queue | Archer |
| 20:14 | Queue | Archer |
| 20:19 | Research | Gold Mining |
| 20:30 | Queue | Archer |
| 20:30 | Queue | Archer |
| 20:53 | Build | Stable |
| 21:04 | Queue | Archer |
| 21:27 | Build | House |
| 21:36 | Age | Castle Age |
| 21:40 | Queue | Villager (Male) |
| 21:44 | Research | Crossbowman (upgrade) |
| 21:48 | Build | Farm |
| 21:49 | Build | Farm |
| 22:02 | Queue | Knight |
| 22:02 | Queue | Knight |
| 22:14 | Research | Bow Saw |
| 22:26 | Queue | Villager (Male) |
| 22:27 | Queue | Villager (Male) |
| 22:37 | Queue | Knight |
| 22:43 | Build | House |
| 23:04 | Queue | Villager (Male) |
| 23:24 | Queue | Villager (Male) |
| 23:25 | Queue | Villager (Male) |
| 24:07 | Build | Town Center |
| 24:11 | Queue | Villager (Male) |
| 24:11 | Queue | Villager (Male) |
| 24:18 | Build | House |
| 24:34 | Queue | Archer |
| 24:34 | Queue | Archer |
| 24:38 | Queue | Villager (Male) |
| 24:39 | Queue | Villager (Male) |
| 24:49 | Queue | Villager (Male) |
| 25:33 | Queue | Villager (Male) |
| 25:59 | Queue | Villager (Male) |
| 25:59 | Queue | Villager (Male) |
| 26:00 | Queue | Villager (Male) |
| 26:07 | Build | Farm |
| 26:07 | Queue | Villager (Male) |
| 26:08 | Queue | Villager (Male) |
| 26:11 | Build | Mill |
| 26:11 | Build | Farm |
| 26:12 | Build | Farm |
| 26:12 | Build | Farm |
| 26:12 | Build | Farm |
| 26:13 | Queue | Villager (Male) |
| 26:29 | Build | Mill |
| 26:30 | Build | Farm |
Build order — ju_9611spt
First 150 of 444 actions detected
| 0:01 | Queue | Villager (Male) |
| 0:01 | Queue | Villager (Male) |
| 0:01 | Queue | Villager (Male) |
| 0:02 | Build | House |
| 0:04 | Build | House |
| 0:19 | Queue | Villager (Male) |
| 0:19 | Queue | Villager (Male) |
| 0:19 | Queue | Villager (Male) |
| 1:23 | Queue | Villager (Male) |
| 1:23 | Queue | Villager (Male) |
| 1:49 | Queue | Villager (Male) |
| 1:49 | Queue | Villager (Male) |
| 2:01 | Build | Lumber Camp |
| 2:27 | Queue | Villager (Male) |
| 2:27 | Queue | Villager (Male) |
| 2:57 | Queue | Villager (Male) |
| 2:57 | Queue | Villager (Male) |
| 2:58 | Queue | Villager (Male) |
| 3:37 | Queue | Villager (Male) |
| 3:37 | Queue | Villager (Male) |
| 3:54 | Queue | Villager (Male) |
| 3:54 | Queue | Villager (Male) |
| 3:58 | Build | House |
| 4:00 | Build | House |
| 4:26 | Queue | Villager (Male) |
| 4:27 | Queue | Villager (Male) |
| 4:41 | Build | Mill |
| 4:48 | Queue | Villager (Male) |
| 4:48 | Queue | Villager (Male) |
| 5:14 | Queue | Villager (Male) |
| 5:14 | Queue | Villager (Male) |
| 5:34 | Queue | Villager (Male) |
| 5:35 | Queue | Villager (Male) |
| 6:16 | Queue | Villager (Male) |
| 6:16 | Research | Loom |
| 6:24 | Build | Barracks |
| 6:56 | Build | Mining Camp |
| 7:23 | Build | House |
| 7:38 | Research | Feudal Age |
| 7:38 | Research | Feudal Age |
| 8:02 | Build | Palisade Wall |
| 8:06 | Queue | Militia |
| 8:06 | Queue | Militia |
| 8:10 | Queue | Militia |
| 8:11 | Queue | Militia |
| 8:14 | Build | Mining Camp |
| 8:19 | Build | House |
| 8:20 | Build | House |
| 8:42 | Queue | Militia |
| 8:52 | Build | Palisade Wall |
| 9:27 | Build | Palisade Wall |
| 9:42 | Build | Palisade Wall |
| 9:48 | Age | Feudal Age |
| 9:50 | Build | Palisade Wall |
| 9:53 | Build | Palisade Wall |
| 9:55 | Build | Palisade Wall |
| 10:01 | Research | Man-at-Arms (upgrade) |
| 10:02 | Research | Double-Bit Axe |
| 10:02 | Research | Double-Bit Axe |
| 10:11 | Queue | Villager (Male) |
| 10:11 | Queue | Villager (Male) |
| 10:33 | Queue | Villager (Male) |
| 10:47 | Build | Blacksmith |
| 10:49 | Queue | Villager (Male) |
| 11:05 | Research | Man-at-Arms (upgrade) |
| 11:05 | Research | Man-at-Arms (upgrade) |
| 11:19 | Queue | Villager (Male) |
| 11:56 | Queue | Villager (Male) |
| 12:00 | Build | House |
| 12:03 | Build | Palisade Wall |
| 12:12 | Queue | Villager (Male) |
| 12:24 | Build | Watch Tower |
| 12:44 | Build | House |
| 12:47 | Build | Palisade Wall |
| 12:49 | Build | Palisade Wall |
| 12:56 | Queue | Villager (Male) |
| 12:56 | Queue | Villager (Male) |
| 13:21 | Queue | Villager (Male) |
| 13:26 | Queue | Villager (Male) |
| 13:26 | Queue | Villager (Male) |
| 13:30 | Build | Farm |
| 13:32 | Build | Farm |
| 13:34 | Build | Farm |
| 13:38 | Build | Farm |
| 14:03 | Queue | Militia |
| 14:37 | Queue | Villager (Male) |
| 14:54 | Queue | Villager (Male) |
| 15:04 | Build | Palisade Wall |
| 15:09 | Build | Farm |
| 15:11 | Build | Farm |
| 15:12 | Build | Farm |
| 15:13 | Build | Farm |
| 15:22 | Queue | Militia |
| 15:43 | Build | Watch Tower |
| 15:56 | Queue | Villager (Male) |
| 16:01 | Build | Farm |
| 16:07 | Build | Farm |
| 16:09 | Build | Farm |
| 16:11 | Build | Farm |
| 16:14 | Build | Farm |
| 16:17 | Build | Farm |
| 16:20 | Build | Farm |
| 16:40 | Queue | Villager (Male) |
| 16:51 | Queue | Militia |
| 16:51 | Queue | Militia |
| 17:24 | Queue | Villager (Male) |
| 17:26 | Queue | Militia |
| 17:35 | Research | Fletching |
| 17:43 | Build | House |
| 17:59 | Queue | Villager (Male) |
| 18:14 | Research | Scale Mail Armor |
| 18:23 | Queue | Villager (Male) |
| 18:35 | Queue | Militia |
| 18:55 | Build | House |
| 19:01 | Queue | Militia |
| 19:02 | Queue | Villager (Male) |
| 19:20 | Build | Palisade Gate |
| 19:21 | Queue | Militia |
| 19:32 | Build | Watch Tower |
| 19:36 | Queue | Militia |
| 19:37 | Queue | Villager (Male) |
| 19:45 | Queue | Villager (Male) |
| 19:55 | Queue | Villager (Male) |
| 20:03 | Build | Farm |
| 20:05 | Queue | Villager (Male) |
| 20:13 | Build | Market |
| 20:14 | Build | House |
| 20:21 | Queue | Villager (Male) |
| 20:27 | Build | House |
| 20:42 | Build | Watch Tower |
| 20:46 | Queue | Militia |
| 20:46 | Queue | Militia |
| 20:54 | Queue | Villager (Male) |
| 21:06 | Queue | Villager (Male) |
| 21:17 | Build | House |
| 21:18 | Build | House |
| 22:04 | Build | Watch Tower |
| 22:11 | Queue | Militia |
| 22:20 | Build | House |
| 22:25 | Build | House |
| 22:26 | Build | House |
| 22:38 | Queue | Villager (Male) |
| 22:52 | Queue | Militia |
| 23:25 | Build | Watch Tower |
| 23:35 | Build | Watch Tower |
| 23:50 | Research | Castle Age |
| 23:51 | Research | Castle Age |
| 24:06 | Queue | Spearman |
| 24:09 | Build | House |
| 24:10 | Build | House |
Match timeline
| 6:24 | ju_9611spt · first_building Barracks |
| 8:01 | solidair · first_building Barracks |
| 8:02 | ju_9611spt · wall_segment Palisade Wall x5 |
| 8:49 | solidair · wall_segment Palisade Wall x4 |
| 8:52 | ju_9611spt · wall_segment Palisade Wall x21 |
| 9:00 | solidair · wall_segment Palisade Wall x1 |
| 9:03 | solidair · wall_segment Palisade Wall x2 |
| 9:25 | solidair · age_up feudal |
| 9:27 | ju_9611spt · wall_segment Palisade Wall x5 |
| 9:32 | solidair · wall_segment Palisade Wall x1 |
| 9:33 | solidair · wall_segment Palisade Wall x1 |
| 9:35 | solidair · wall_segment Palisade Wall x1 |
| 9:42 | ju_9611spt · wall_segment Palisade Wall x1 |
| 9:48 | ju_9611spt · age_up feudal |
| 9:50 | solidair · first_building Archery Range |
| 9:50 | ju_9611spt · wall_segment Palisade Wall x1 |
| 9:53 | solidair · wall_segment Palisade Wall x6 |
| 9:53 | ju_9611spt · wall_segment Palisade Wall x1 |
| 9:55 | ju_9611spt · wall_segment Palisade Wall x1 |
| 12:03 | ju_9611spt · wall_segment Palisade Wall x17 |
| 12:47 | ju_9611spt · wall_segment Palisade Wall x11 |
| 12:49 | ju_9611spt · wall_segment Palisade Wall x7 |
| 15:04 | ju_9611spt · wall_segment Palisade Wall x2 |
| 15:08 | solidair · wall_segment Palisade Wall x8 |
| 16:11 | solidair · wall_segment Palisade Wall x1 |
| 16:12 | solidair · wall_segment Palisade Wall x9 |
| 20:53 | solidair · first_building Stable |
| 21:36 | solidair · age_up castle |
| 23:47 | ju_9611spt · first_market_sell 100 wood |
| 23:49 | ju_9611spt · first_market_buy 100 food |
| 26:30 | ju_9611spt · age_up castle |
| 28:01 | ju_9611spt · first_building Monastery |
| 29:44 | ju_9611spt · first_building Siege Workshop |
| 30:15 | solidair · first_building Monastery |
| 32:25 | solidair · first_market_sell 100 food |
| 32:50 | solidair · first_market_buy 100 stone |
| 34:00 | solidair · first_building Castle |
| 35:38 | solidair · age_up imperial |
| 39:45 | ju_9611spt · first_building Castle |
| 41:25 | ju_9611spt · age_up imperial |
| 45:38 | solidair · first_building Siege Workshop |
| 48:25 | ju_9611spt · resign |
[ AI ANALYSIS · 1 CREDIT ]
What really happened in this match?
Wolo.gg analyzes every decision: build order, eco, micro, common mistakes by bracket. Personalized analysis on WhatsApp or Discord in 30 seconds.
Civ guide
Byzantines
Perfil
Jugador #4396973